 Dungeon Crawl Stone Soup version 0.30-a0-799-g109b55a442 (webtiles) character file.

Game seed: 12442185263124355533

5 Esekla the Sneak (level 1, -26/16 HPs)
             Began as an Octopode Delver on Feb 20, 2023.
             Annihilated by an ogre
             ... wielding a +0 giant club
              (31 damage)
             ... on level 5 of the Dungeon.
             The game lasted 00:00:58 (93 turns).

Esekla the Sneak (Octopode Delver)                    Turns: 93, Time: 00:00:59

Health: -26/16     AC:  1    Str: 11    XL:     1   Next: 80%
Magic:  1/1        EV: 13    Int: 12    God:
Gold:   30         SH:  0    Dex: 13    Spells: 0/0 levels left

rFire   . . .      SeeInvis .    a - +0 falchion
rCold   . . .      Faith    .    (no shield)
rNeg    . . .      Spirit   .    (helmet restricted)
rPois   .          Reflect  .    (no amulet)
rElec   .          Harm     .    (no ring)
rCorr   .          Rampage  .    (no ring)
Will    .....                    (no ring)
Stlth   ++++                     (no ring)
HPRegen 0.22/turn                (no ring)
MPRegen 0.07/turn                (no ring)
                                 (no ring)
                                 (no ring)

@: no status effects
A: almost no armour, amphibious, 8 rings, camouflage 1, gelatinous body 1,
(nimble swimmer 1), tentacles
a: no special abilities


You were on level 5 of the Dungeon.
You visited 1 branch of the dungeon, and saw 1 of its levels.

You collected 30 gold pieces.

Inventory:

Hand Weapons
 a - a +0 falchion (weapon)
Wands
 f - a wand of digging (3)
Scrolls
 b - a scroll of fog
 c - a scroll of identify {unknown}
Potions
 e - a potion of haste


   Skills:
 * Level 3.0 Fighting
 * Level 2.0 Long Blades
 * Level 2.0 Dodging
 + Level 6.7 Stealth
 * Level 0.2 Spellcasting


You couldn't memorise any spells.
You didn't know any spells.
Your spell library was empty.

Dungeon Overview and Level Annotations

Branches:
Dungeon (5/15)
 Temple: D:4-7

Altars:
Vehumet


Innate Abilities, Weirdness & Mutations

You cannot wear most types of armour.
You are amphibious.
You can wear up to eight rings at the same time.
Your skin changes colour to match your surroundings (Stealth+).
Your rubbery body absorbs attacks. (AC +1, EV +1)
((You are camouflaged when in or above water. (Stealth+)))
You have tentacles for arms and can constrict up to eight enemies at once.


Message History

Found 8 gold pieces and a short sword.
There is an open door here.
You now have 30 gold pieces (gained 8).
You open the door.
There is an open door here.
Found a stone staircase leading down.
A worm and an orc wizard come into view.
The orc wizard shouts!
An ufetubus comes into view.
The ufetubus shouts!
An orc comes into view. It is wielding a +0 club.
The orc wizard points at you and mumbles some strange words.
The magic dart hits you.
An orc comes into view. It is wielding a +0 short sword.
The ufetubus attacks as you move away! The ufetubus closely misses you.
The ufetubus barely misses you. The ufetubus hits you.
The ufetubus closely misses you.
You hit the ufetubus. You grab the ufetubus.
The ufetubus is lightly wounded.
You constrict the ufetubus, but do no damage.
The ufetubus hits you. x2
You hit the ufetubus but do no damage. You squeeze the ufetubus.
You kill the ufetubus!
The orc wizard mumbles some strange words.
The orc wizard flickers and vanishes!
Deactivating autopickup; reactivate with Ctrl-A.
You hear a shout! x3
Something hits you.
* * * LOW HITPOINT WARNING * * *
As you read the scroll of fear, it crumbles to dust.
You assume a fearsome visage.
The worm looks frightened!
The orc looks frightened! x2
An orc comes into view. It is wielding a +0 club.
An ogre comes into view. It is wielding a +0 giant club.
Cornered, the orc turns to fight!
The ogre shouts!
You open the door.
The ogre hits you with a +0 giant club!!
Ouch! That really hurt!
You die...

** ###.#,********
#.#.#.#,,,,,,*
#.#.#.#,#***,**** #.#.#.#.#
**,,,,** ***########.#.#.#w#
*,,**,,*
,,,,......>.......#**+****,*
****##......##..###,,,,,**,*
#......##.O##,,,,,,,*,*
#...o..##..@#,,,,,,,*,*
#......oo.#.'..._..,+,*
#.....#######......,*,*
#.....### *......,*,*
#o......# **.....**,*
##......# *##+##**,*
#......# *,,,,,,* #......#
******** #......#


You could see an ogre and 2 orcs.

Vanquished Creatures
  An ufetubus (D:5)
1 creature vanquished.

Notes
Turn   | Place    | Note
-------+----------+-------------------------------------------
     0 | D:5      | Esekla the Octopode Delver began the quest for the Orb.
     0 | D:5      | Reached XP level 1. HP: 16/16 MP: 1/1
     2 | D:5      | Noticed an iguana
    70 | D:5      | Noticed an orc wizard
    84 | D:5      | Noticed an ogre
    93 | D:5      | Found a radiant altar of Vehumet.
    93 | D:5      | Annihilated by an ogre

Illustrated notes

Levels and vault maps discovered:
D:5:      layout_basic, nicolae_vehumet_altar_sigil, uniq_eustachio

Action                     || total
---------------------------++-------
  Melee: Falchion          ||     2
         Constrict         ||     1
         Tentacles         ||     1
    Use: Scroll            ||     2
  Dodge: Dodged            ||     3

Table legend: (Time is in decaauts)
 A = Elapsed time spent in this place.
 B = Non-inter-level travel time spent in this place.
 C = Inter-level travel time spent in this place.
 D = Time resting spent in this place.
 E = Time spent auto-exploring this place.
 F = Levels seen in this place.
 G = Mean time per level.
                   A        B        C        D        E       F      G
               +--------+--------+--------+--------+--------+-----+--------+
         Total |     93 |     93 |      0 |      0 |      0 |   1 |   93.0 |
       Dungeon |     93 |     93 |      0 |      0 |      0 |   1 |   93.0 |
               +--------+--------+--------+--------+--------+-----+--------+

Top non-repeatable levels by time:
     D:5: 93 daAuts
